 Dungeon Crawl Stone Soup version 0.19.4-8-ga85b6b9 (webtiles) character file.

824 Delusionist the Cutter (level 7, 0/56 HPs)
             Began as a Demonspawn Chaos Knight on Feb 9, 2017.
             Succumbed to an adder's poison
             ... on level 4 of the Dungeon.
             The game lasted 00:28:37 (4022 turns).

Delusionist the Cutter (Demonspawn Chaos Knight)    Turns: 4022, Time: 00:28:37

Health: 0/56       AC: 15    Str: 10 (13) XL:     7   Next: 64%
Magic:  7/7        EV:  2    Int: 12 (13) God:    Xom [*.....]
Gold:   142        SH:  0    Dex: 11 (14) Spells: 0 memorised, 6 levels left

rFire  + . .     SeeInvis +     f - +2 executioner's axe "Uhul" {drain, MR+}
rCold  . . .     Gourm    .     n - +1 plate armour
rNeg   . . .     Faith    .     (shield currently unavailable)
rPois  .         Spirit   .     (no helmet)
rElec  .         Reflect  .     (no cloak)
rCorr  .         Harm     .     s - +0 pair of gloves
MR     +....                    (no boots)
Stlth  ..........               (no amulet)
                                (no ring)
                                (no ring)

@: lethally poisoned (0 -> -15)
A: talons 1, rugged brown scales 2, see invisible, demonic guardian 1, fire
resistance 1, MP-powered wands
a: Renounce Religion


You were on level 4 of the Dungeon.
You worshipped Xom.
You were a special plaything of Xom.
You were not hungry.

You visited 1 branch of the dungeon, and saw 4 of its levels.

You collected 142 gold pieces.

Inventory:

Hand Weapons
 c - a +3 dagger
 f - the +2 executioner's axe "Uhul" (weapon) {drain, MR+}
   (You found it on level 4 of the Dungeon)

   A truly terrible weapon, it drains the life of those it strikes.
   It affects your resistance to hostile enchantments.
 h - the +4 shortbow "Caplu" {freeze, Str+4 Int+2 Dex-4 SInv, unknown}
   (You found it on level 4 of the Dungeon)

   It causes projectiles fired from it to freeze those they strike, causing
   extra injury to most foes and up to half again as much damage against
   particularly susceptible opponents.
   They can also slow down cold-blooded creatures.
   It affects your strength (+4).
   It affects your intelligence (+2).
   It affects your dexterity (-4).
   It lets you see invisible.
 m - a +1 dagger of draining
 t - a +0 hand axe
 u - a +3 flail of protection
Missiles
 e - 9 tomahawks (quivered)
Armour
 a - a +2 leather armour
 n - a +1 plate armour (worn)
 s - a +0 pair of gloves (worn)
Wands
 v - a wand of acid (8/15)
Scrolls
 d - a scroll of remove curse
 g - a scroll of immolation
 j - a scroll of amnesia
Comestibles
 b - 3 mutagenic chunks of flesh
 k - a beef jerky
 q - 2 meat rations
 r - 2 bread rations


   Skills:
 + Level 4.2 Fighting
 - Level 4.8 Short Blades
 + Level 3.5 Armour
 - Level 2.4 Dodging
 - Level 2.1 Stealth
 + Level 3.8 Unarmed Combat


You had 6 spell levels left.
You didn't know any spells.

Dungeon Overview and Level Annotations

Branches:
Dungeon (4/15)
 Temple: D:4-7

Altars:
Xom
Yredelemnul


Innate Abilities, Weirdness & Mutations

You have sharp toenails.
You are mostly covered in rugged brown scales. (AC +2, +5% HP)
A weak demonic guardian rushes to your aid.
You have supernaturally acute eyesight. (SInv)
Your flesh is heat resistant. (rF+)
You expend magic power (3 MP) to strengthen your wands.


Message History

* * * LOW HITPOINT WARNING * * *
Okay, then.
Wear which item? (? for menu, Esc to quit)
Okay, then.
Wield which item (- for none, * to show all)? (? for menu, Esc to quit)
Okay, then.
Okay, then.
You aren't carrying any potions.
* * * LOW HITPOINT WARNING * * *
You feel sick. The adder bites you.
* * * LOW HITPOINT WARNING * * *
You are more poisoned.
The adder poisons you!
* * * LOW HITPOINT WARNING * * *
You feel sick. The adder bites you.
* * * LOW HITPOINT WARNING * * *
You are more poisoned.
The adder poisons you!
You die...
Xom guffaws!

...# #..****** #.....(#.##
...#******.##o,F,* #8....8#.#
.......,,,,*,,****###8..8##.#
..#####**,,*h**,*,+.##''##..#
.## *,,*a*,*,,#........## ##
*,,*,****Z#..#######
*,,**,,,,##..# *...######...#
*.......@.S..# *#....).....##
############


You could see an adder.

Vanquished Creatures
  Grinder (D:3)
  2 hounds (D:4)
  2 orc wizards
  A worker ant (D:4)
  A gnoll (D:2)
  5 adders
  2 worms
  3 dart slugs
  A leopard gecko (D:1)
  5 orcs
  2 giant cockroaches
  9 goblins
  11 hobgoblins
  10 jackals
  5 kobolds
  A ball python (D:1)
  9 bats
  6 frilled lizards
  9 rats
85 creatures vanquished.

Vanquished Creatures (collateral kills)
  The ghost of Struensee the Basher, a novice OgBe of Trog (D:4)
  A sky beast (D:4)
  2 gnolls (D:2)
  An orc (D:3)
  A frilled lizard (D:2)
  A rat (D:3)
7 creatures vanquished.

Grand Total: 92 creatures vanquished

Notes
Turn   | Place    | Note
-------+----------+-------------------------------------------
     0 | D:1      | Delusionist the Demonspawn Chaos Knight began the quest for the Orb.
     0 | D:1      | Reached XP level 1. HP: 18/18 MP: 1/1
   130 | D:1      | Gained mutation: A weak demonic guardian rushes to your aid. [demonic ancestry]
   130 | D:1      | Reached XP level 2. HP: 21/24 MP: 2/2
   160 | D:1      | XOM: divination: magic mapping
   609 | D:1      | Reached skill level 1 in Short Blades
   761 | D:1      | Gained mutation: You are partially covered in rugged brown scales. (AC +1, +3% HP) [demonic ancestry]
   761 | D:1      | Reached XP level 3. HP: 16/29 MP: 3/3
   844 | D:1      | XOM: silly message
   942 | D:1      | Reached skill level 1 in Stealth
  1082 | D:2      | Reached skill level 1 in Dodging
  1314 | D:2      | Gained mutation: You are mostly covered in rugged brown scales. (AC +2, +5% HP) [demonic ancestry]
  1314 | D:2      | Reached XP level 4. HP: 29/36 MP: 4/4
  1687 | D:2      | XOM: god gift: hand axe {god gift}
  1761 | D:3      | XOM: stealth player
  1784 | D:3      | XOM: cast spell 'Ice Form'
  2043 | D:3      | Noticed Grinder
  2044 | D:3      | Paralysed by Grinder for 7 turns
  2051 | D:3      | XOM: confuse monster(s)
  2055 | D:3      | XOM: blink monster(s)
  2075 | D:3      | Paralysed by Grinder for 7 turns
  2084 | D:3      | XOM: divination: detect items
  2103 | D:3      | Killed Grinder
  2103 | D:3      | Gained mutation: You have sharp toenails. [demonic ancestry]
  2103 | D:3      | Reached XP level 5. HP: 6/43 MP: 5/5
  2236 | D:3      | XOM: cloud trail
  2246 | D:3      | XOM: mild Ice miscast
  2405 | D:3      | XOM: harmless Air miscast
  2416 | D:3      | XOM: harmless Fire miscast
  2537 | D:3      | Reached XP level 6. HP: 45/49 MP: 6/6
  2574 | D:3      | XOM: god gift: 22 stones
  3097 | D:4      | Found a basalt altar of Yredelemnul.
  3179 | D:4      | Noticed Struensee's ghost (novice OgBe)
  3197 | D:4      | XOM: summons friendly neqoxec
  3209 | D:4      | Killed Struensee's ghost
  3209 | D:4      | Reached XP level 7. HP: 18/56 MP: 7/7
  3490 | D:4      | Found a large runed door.
  3490 | D:4      | Found a large runed door.
  3525 | D:4      | Found a large runed door.
  3525 | D:4      | Found a large runed door.
  3527 | D:4      | XOM: divination: detect creatures
  3734 | D:4      | XOM: scenery: create altars
  3957 | D:4      | Gained mutation: You expend magic power (3 MP) to strengthen your wands. [mutagenic meat]
  3958 | D:4      | Gained mutation: Your flesh is heat resistant. (rF+) [mutagenic meat]
  3959 | D:4      | Gained mutation: You have supernaturally acute eyesight. (SInv) [mutagenic meat]
  3966 | D:4      | Got a crystal executioner's axe
  3968 | D:4      | Identified the +2 executioner's axe "Uhul" {drain, MR+} (You found it on level 4 of the Dungeon)
  3977 | D:4      | Got a translucent shortbow
  4021 | D:4      | HP: 2/56 [poisoned by an adder]
  4022 | D:4      | Succumbed to an adder's poison

Skill      XL: |  1  2  3  4  5  6 |
---------------+-------------------+-----
Armour         | 2 3 |  3.5
Unarmed Combat | 3 |  3.8
Short Blades   | 1 2 3 4 |  4.8
Stealth        | 1 2 |  2.1
Dodging        | 1 2 |  2.4
Fighting       | 4 |  4.2

Action                   |  1- 3 |  4- 6 |  7- 9 || total
-------------------------+-------+-------+-------++-------
Melee: Dagger            |   108 |   191 |     1 ||   300
       Unarmed           |     5 |     4 |       ||     9
       Punch             |     1 |     2 |       ||     3
       Kick              |       |    21 |    12 ||    33
       Flail             |       |       |    50 ||    50
       Executioner's axe |       |       |    16 ||    16
  Use: Scroll            |       |     5 |     7 ||    12
       Potion            |       |     2 |     1 ||     3
 Stab: Distracted        |       |     1 |       ||     1
  Eat: Bread ration      |     1 |       |     1 ||     2
       Chunk             |       |     3 |     3 ||     6
Armor: Leather armour    |    34 |    15 |       ||    49
       Skin              |       |    12 |       ||    12
       Plate armour      |       |    80 |   115 ||   195
Dodge: Dodged            |    86 |    47 |     6 ||   139
